 Dungeon Crawl Stone Soup version 0.30-a0-1016-gfb0d676c02 (webtiles) character file.

Game seed: 14905175107428528342

431 ytrimaz the Changer (level 6, 0/55 HPs)
             Began as a Demigod Transmuter on Apr 6, 2023.
             Slain by a gnoll sergeant
             ... wielding a +2 spear of venom
              (11 damage)
             ... on level 5 of the Dungeon.
             The game lasted 00:04:59 (5203 turns).

ytrimaz the Changer (Demigod Transmuter)            Turns: 5203, Time: 00:04:59

Health: 0/55       AC:  7    Str: 11    XL:     6   Next: 39%
Magic:  1/15       EV: 10    Int: 23    God:
Gold:   264        SH:  0    Dex: 14    Spells: 3/13 levels left

rFire   x . .      SeeInvis .      - Unarmed
rCold   + + +      Faith    .    (shield currently unavailable)
rNeg    . . .      Spirit   .    a - melded +1 robe
rPois   +          Reflect  .    d - melded +2 helmet
rElec   .          Rampage  .    (cloak currently unavailable)
rCorr   .                        (gloves currently unavailable)
Will    .....                    m - melded +0 pair of boots
Stlth   +                        (no amulet)
HPRegen 0.29/turn                (no ring)
MPRegen 0.14/turn                (no ring)

@: lethally poisoned (0 -> -4), ice-form, wereblooded, very slightly
contaminated
A: freezing attack, amphibious, boosted hp, large, high MP 1, forlorn, divine
attributes
a: End Transformation


You were on level 5 of the Dungeon.
You were a creature of crystalline ice.
You visited 1 branch of the dungeon, and saw 5 of its levels.

You collected 264 gold pieces.


Innate Abilities, Weirdness & Mutations

You are a creature of crystalline ice.
You have a powerful freezing melee attack.
You are amphibious.
Your maximum health is increased.
Your armour is entirely melded.
You are incapable of wielding weapons or throwing items.
You have an increased reservoir of magic. (+10% MP)
You shall have no god before yourself.
Your divine heritage dramatically boosts your attributes as you level up.


   Skills:
 - Level 0.8 Fighting
 + Level 1.9 Dodging
 + Level 2.7 Unarmed Combat
 - Level 4.0 Spellcasting
 - Level 4.0 Transmutations
 - Level 2.0 Ice Magic
 - Level 2.0 Poison Magic


You had 3 spell levels left.
You knew the following spells:

 Your Spells              Type           Power      Damage    Failure   Level
a - Beastly Appendage     Tmut           46%        N/A       1%          1
b - Wereblood             Tmut           23%        N/A       3%          2
c - Spider Form           Tmut/Pois      18%        N/A       9%          3
d - Ice Form              Ice/Tmut       18%        N/A       30%         4

Your spell library contained the following spells:

 Spells                   Type           Power      Damage    Failure   Level
 Passwall                 Tmut/Erth      10%        N/A       7%          2
 Magic Dart               Conj           16%        1d3       11%         1
 Sandblast                Erth           8%         2d5       11%         1
 Searing Ray              Conj           8%         2d4       16%         2
 Stone Arrow              Conj/Erth      8%         3d7       30%         3
 Fulminant Prism          Conj/Hex       2%         3d5       71%         4

Inventory:

Armour
 a - a +1 robe (melded)
 d - a +2 helmet (melded)
   (You found it on level 1 of the Dungeon)
 m - a +0 pair of boots (melded)
   (You found it on level 2 of the Dungeon)
Scrolls
 c - 2 scrolls of amnesia
 g - 3 scrolls of teleportation
 j - 3 scrolls of identify
 k - a scroll of fear
 l - a scroll of fog {unknown}
Potions
 b - 3 potions of lignification
 e - 3 potions of mutation
 f - 2 potions of haste
 i - 2 potions of curing

Dungeon Overview and Level Annotations

Branches:
Dungeon (5/15) Zot: 24808
 Temple: D:4-7

Shops:
D:3

( ### ####<#
.....#############
.................#
################.#
#....#.......#)#
#.##.#.#####.#Y#
###.#..#.#...#[#g#
....##.#.#.#.#.#g#
....##.#.#.#.#.#.#
....#..#..<..#.#.#
.......>######.#.#
.............#.#.#
##.###.#####.#.#.#
........####.#.#g#


You could see a gnoll sergeant and a gnoll.


Message History

The spell is quite dangerous to miscast (32% risk of failure)!
Continue anyway?
You miscast Ice Form.
You are lightly contaminated with residual magic.
Nothing appears to happen.
The gnoll hits you from afar with a +0 halberd!
The gnoll barely misses you. 😮 HP[-8] MP[-3]
You take 8 damage, and now have 30/46 hp.
You lost 3 mp, and now have 4/15 mp.
Unknown command.
The gnoll attacks as you move away! The gnoll barely misses you.
The gnoll attacks as you move away! The gnoll barely misses you.
The gnoll attacks as you move away! The gnoll hits you with a +0 club.
The gnoll attacks as you move away! The gnoll completely misses you.
The gnoll attacks as you move away!
The gnoll hits you with a +0 club. 😮 HP[-2]
You take 2 damage, and now have 28/46 hp. 😮 MP[+1]
Casting: Ice Form (quite dangerous; 32% risk of failure)
Confirm with . or Enter, or press ? or * to list all spells.
The spell is quite dangerous to miscast (32% risk of failure)!
Continue anyway?
You turn into a creature of crystalline ice.
Your +2 helmet melds into your body.
Your +0 pair of boots melds into your body.
Your +1 robe melds into your body.
The gnoll barely misses you. 😮 HP[+6] MP[-4]
You now have 55 max hp (+9).
You regained 6 hp, and now have 34/55 hp.
You lost 4 mp, and now have 1/15 mp.
Unknown command.
Casting: Ice Form (quite dangerous; 32% risk of failure)
Confirm with . or Enter, or press ? or * to list all spells.
You don't have enough magic to cast this spell. 😮 HP[+1]
The gnoll attacks as you move away! The gnoll hits you but does no damage.
The gnoll attacks as you move away!
The gnoll hits you with a +0 club. 😮 HP[-1] MP[+1]
You take 1 damage, and now have 34/55 hp.
The gnoll attacks as you move away! The gnoll hits you but does no damage.
Casting: Ice Form (quite dangerous; 32% risk of failure)
Confirm with . or Enter, or press ? or * to list all spells.
Your blood is infused with primal strength.
The gnoll closely misses you. 😮 MP[-2]
You lost 2 mp, and now have 0/15 mp.
Unknown command.
You punch the gnoll! You freeze the gnoll. The gnoll closely misses you.
The gnoll hits you with a +0 club. 😮 HP[-4]
You take 4 damage, and now have 30/55 hp.
You punch the gnoll! You freeze the gnoll.
You feel a bit better.
You kill the gnoll!
The gnoll hits you from afar with a +0 halberd.
* * * LOW HITPOINT WARNING * * *
Unknown command. 😨 HP[-3]
You take 3 damage, and now have 27/55 hp.
The gnoll hits you but does no damage.
You see here a +0 club.
You hit the gnoll. You freeze the gnoll. The gnoll barely misses you.
Unknown command.
You barely miss the gnoll.
The gnoll barely misses you. 😮 HP[+1] MP[+1]
You hit the gnoll. You freeze the gnoll.
You feel a bit better.
You kill the gnoll!
Training target 2.0 for Ice Magic reached!
Your Ice Magic skill increases to level 2!
You need to enable at least one skill for training. 😮 HP[+3]
You regained 3 hp, and now have 31/55 hp.
Unknown command.
You punch the gnoll! You freeze the gnoll.
You feel a bit better.
You kill the gnoll!
The gnoll sergeant hits you from afar with a +2 spear of venom. 😮 HP[-2]
You take 2 damage, and now have 29/55 hp.
The gnoll hits you but does no damage.
The gnoll sergeant hits you with a +2 spear of venom.
* * * LOW HITPOINT WARNING * * *
You are poisoned.
Things that are here:
a +0 club; a +0 halberd; a gnoll corpse; 😨 HP[-3]
You take 3 damage, and now have 26/55 hp.
You barely miss the gnoll sergeant.
You feel very sick.
The gnoll sergeant hits you with a +2 spear of venom!
* * * LOW HITPOINT WARNING * * *
The gnoll barely misses you. 😨 HP[-11]
You take 11 damage, and now have 15/55 hp.
You barely miss the gnoll sergeant.
You feel sick. The gnoll barely misses you.
The gnoll sergeant barely misses you. 😱 HP[-2]
You take 2 damage, and now have 13/55 hp.
Unknown command.
You hit the gnoll sergeant. You freeze the gnoll sergeant.
You howl as the wereblood boils in your veins!
You feel sick.
The gnoll sergeant hits you with a +2 spear of venom!
You die...

Skill      XL: |  1  2  3  4  5  6 |
---------------+-------------------+-----
Spellcasting   | 2 3 4 |  4.0
Transmutations | 2 3 4 |  4.0
Poison Magic   | 1 2 |  2.0
Ice Magic      | 2 |  2.0
Fighting       | |  0.8
Dodging        | |  1.9
Unarmed Combat | |  2.7

Action                     |  1- 3 |  4- 6 || total
---------------------------+-------+-------++-------
  Melee: Unarmed           |   172 |   126 ||   298
         Kick              |    26 |     6 ||    32
         Headbutt          |    14 |     7 ||    21
         Punch             |     1 |       ||     1
   Cast: Beastly Appendage |    27 |     4 ||    31
         Spider Form       |     1 |     6 ||     7
         Ice Form          |       |     6 ||     6
         Wereblood         |       |     1 ||     1
    Use: Scroll            |    10 |     1 ||    11
         Potion            |       |     1 ||     1
   Stab: Sleeping          |     1 |     2 ||     3
 Armour: Robe              |    43 |    11 ||    54
         Skin              |       |    12 ||    12
  Dodge: Dodged            |   108 |    84 ||   192

Levels and vault maps discovered:
D:1:      tarquinn_simple_flora_water_f, layout_basic
D:2:      layout_basic, minmay_tiny_reverse_x
D:3:      layout_rooms, grunt_temple_overflow_gold_and_silver,
          nzn_wu_jian_council_hall, serial_shops, nicolae_shop_trees,
          lexackson_kobold_supper
D:4:      layout_loops_ring, serial_bayou_ford_a, minmay_misc_feat_secret_circle
D:5:      layout_basic, mainiacjoe_overflow_cross_hatched, slow_altar_2,
          gup_sewer_entry_bowl

Notes
Turn   | Place    | Note
-------+----------+-------------------------------------------
     0 | D:1      | ytrimaz the Demigod Transmuter began the quest for the Orb.
     0 | D:1      | Reached XP level 1. HP: 15/15 MP: 5/5
     0 | D:1      | magus.rc [v1.9.6]
    76 | D:1      | Reached skill level 2 in Spellcasting
    76 | D:1      | Reached skill level 2 in Transmutations
   217 | D:1      | HP: 3/15 [frozen (5)]
   238 | D:1      | Reached XP level 2. HP: 7/22 MP: 4/7
  1147 | D:1      | Learned a level 2 spell: Wereblood
  1184 | D:2      | Reached XP level 3. HP: 14/27 MP: 7/9
  1188 | D:2      | Learned a level 3 spell: Spider Form
  1711 | D:2      | Reached skill level 1 in Poison Magic
  1985 | D:2      | You pick up a book of Conjurations and begin reading...
  1985 | D:2      | You add the spells Magic Dart, Searing Ray and Fulminant
                  | Prism to your library.
  2664 | D:3      | Identified the +7 sling "Dauxups" {freeze, Will+}
  2688 | D:3      | Found Vikeacli's Antique Weapon Emporium.
  3183 | D:3      | Reached XP level 4. HP: 34/34 MP: 6/10
  3396 | D:4      | Reached skill level 3 in Transmutations
  3561 | D:4      | Reached skill level 3 in Spellcasting
  3561 | D:4      | Reached skill level 2 in Poison Magic
  4000 | D:4      | Reached XP level 5. HP: 39/39 MP: 8/12
  4372 | D:5      | Entered Level 5 of the Dungeon
  4412 | D:5      | Learned a level 4 spell: Ice Form
  4646 | D:5      | You pick up a book of Geomancy and begin reading...
  4646 | D:5      | You add the spells Sandblast, Passwall and Stone Arrow to
                  | your library.
  4657 | D:5      | Noticed a water moccasin
  4664 | D:5      | Killed a water moccasin
  4665 | D:5      | Reached skill level 4 in Transmutations
  4742 | D:5      | Reached XP level 6. HP: 43/46 MP: 5/15
  4821 | D:5      | Reached skill level 4 in Spellcasting
  5056 | D:5      | Reached skill level 1 in Ice Magic
  5171 | D:5      | HP: 11/46 [gnoll/+0 club[a gnoll sergeant] (4)]
  5199 | D:5      | Reached skill level 2 in Ice Magic
  5202 | D:5      | HP: 13/55 [poisoned by a gnoll sergeant]
  5203 | D:5      | Slain by a gnoll sergeant

Vanquished Creatures
  A water moccasin (D:5)
  A scorpion (D:5)
  A hound (D:4)
  2 iguanas (D:4)
  A sleepcap (D:5)
  3 gnolls (D:5)
  5 adders
  2 white imps (D:5)
  2 worms
  A dart slug (D:2)
  2 orcs
  3 bats
  10 endoplasms
  2 giant cockroaches
  6 goblins
  6 hobgoblins
  9 kobolds
  7 quokkas
  3 ball pythons
  4 frilled lizards
  5 rats
76 creatures vanquished.

Vanquished Creatures (others)
  8 plants
8 creatures vanquished.

Grand Total: 84 creatures vanquished

Table legend:
 A = Non-vault XP
 B = Vault XP
 C = Vault XP percentage of total XP
 D = Non-vault monster count
 E = Vault monster count
 F = Vault count percentage of total count
                 A         B        C        D         E       F
            +---------+---------+-------+---------+---------+-------
      Total |     604 |      12 |   1.9 |      66 |      10 |  13.2
            +---------+---------+-------+---------+---------+-------
        D:1 |      35 |       0 |   0.0 |      20 |       0 |   0.0
        D:2 |      56 |       3 |   5.1 |      15 |       2 |  11.8
        D:3 |      21 |       9 |  30.0 |       5 |       8 |  61.5
        D:4 |     145 |       0 |   0.0 |      15 |       0 |   0.0
        D:5 |     347 |       0 |   0.0 |      11 |       0 |   0.0
            +---------+---------+-------+---------+---------+-------

Illustrated notes

Table legend:
 A = Kills in this place as a percentage of kills in the entire game.
 B = Kills by you in this place as a percentage of kills by you in the entire game.
 C = Kills by friends in this place as a percentage of kills by friends in the entire game.
 D = Other kills in this place as a percentage of other kills in the entire game.
 E = Experience gained in this place as a percentage of experience gained in the entire game.
 F = Experience gained in this place divided by the number of levels of this place that you have seen.
                   A       B       C       D       E      F
               +-------+-------+-------+-------+-------+----------------------
         Total | 100.0 | 100.0 |   N/A |   N/A | 100.0 | 123.2
       Dungeon | 100.0 | 100.0 |   N/A |   N/A | 100.0 | 123.2
               +-------+-------+-------+-------+-------+----------------------

Table legend: (Time is in decaauts)
 A = Elapsed time spent in this place.
 B = Non-inter-level travel time spent in this place.
 C = Inter-level travel time spent in this place.
 D = Time resting spent in this place.
 E = Time spent auto-exploring this place.
 F = Levels seen in this place.
 G = Mean time per level.
                   A        B        C        D        E       F      G
               +--------+--------+--------+--------+--------+-----+--------+
         Total |   5190 |   4985 |    205 |    319 |   3866 |   5 | 1038.0 |
       Dungeon |   5190 |   4985 |    205 |    319 |   3866 |   5 | 1038.0 |
               +--------+--------+--------+--------+--------+-----+--------+

Top non-repeatable levels by time:
     D:2: 1393 daAuts
     D:1: 1155 daAuts
     D:4: 1018 daAuts
     D:5: 828 daAuts
     D:3: 794 daAuts
